 Dungeon Crawl Stone Soup version 0.29.1-1-gd02db6906a (webtiles) character file.

Game seed: 9345674104249597249

336 safid the Shooter (level 6, -3/44 (51) HPs)
             Began as a Minotaur Hunter on Oct 18, 2022.
             Slain by a wight
             ... wielding a +0 morningstar
              (4 damage)
             ... on level 4 of the Dungeon.
             The game lasted 00:04:04 (2096 turns).

safid the Shooter (Minotaur Hunter)                 Turns: 2096, Time: 00:04:05

HP:   -3/44 (51)    AC:  5    Str: 15    XL:     6   Next: 28%
MP:   3/5           EV: 11    Int:  6    God:
Gold: 108           SH:  0    Dex: 16    Spells: 3/5 levels left

rFire   . . .      SeeInvis .   a - +0 shortbow
rCold   . . .      Faith    .   (shield currently unavailable)
rNeg    . . .      Spirit   .   e - +0 ring mail
rPois   .          Reflect  .   (helmet restricted)
rElec   .          Harm     .   (no cloak)
rCorr   .          Rampage  .   (no gloves)
Will    .....                   (no boots)
Stlth   +.........              (no amulet)
HPRegen 0.14/turn               (no ring)
MPRegen 0.09/turn               (no ring)

@: heavily drained
A: horns 2, retaliatory headbutt
a: no special abilities


You were on level 4 of the Dungeon.
You visited 2 branches of the dungeon, and saw 5 of its levels.

You collected 174 gold pieces.
You spent 66 gold pieces at shops.

Inventory:

Hand Weapons
 a - a +0 shortbow (weapon)
Missiles
 g - 3 javelins
Armour
 e - a +0 ring mail (worn)
Jewellery
 c - a ring of see invisible
Scrolls
 b - 3 scrolls of fog {unknown}
 d - 3 scrolls of vulnerability {unknown}
 h - a scroll of enchant armour {unknown}
 l - 5 scrolls of identify
 m - a scroll of teleportation {unknown}
 o - a scroll of noise {unknown}
 p - a scroll of silence {unknown}
Potions
 f - a potion of curing {unknown}
 i - 3 potions of cancellation {unknown}
 j - 2 potions of degeneration {unknown}
 k - a potion of invisibility {unknown}
 n - a potion of brilliance {unknown}
 q - a potion of experience {unknown}
 r - a potion of flight {unknown}
 s - a potion of attraction {unknown}


   Skills:
 - Level 3.0 Fighting
 + Level 7.7 Ranged Weapons
 - Level 2.1 Dodging
 - Level 0.7 Stealth
 + Level 1.6 Translocations


You had 3 spell levels left.
You knew the following spells:

 Your Spells              Type           Power      Damage    Failure   Level
a - Blink                 Tloc           2%         N/A       61%         2

Your spell library contained the following spells:

 Spells                   Type           Power      Damage    Failure   Level
 Poisonous Vapours        Pois/Air       0%         N/A       83%         2
 Gell's Gravitas          Tloc           1%         N/A       83%         3
 Lesser Beckoning         Tloc           1%         N/A       83%         3
 Teleport Other           Tloc           1%         N/A       83%         3
 Corpse Rot               Necr/Pois/Air  0%         N/A       100%        4
 Manifold Assault         Tloc           1%         N/A       100%        5
 Dispersal                Tloc           0%         N/A       100%        6


Dungeon Overview and Level Annotations

Branches:
Dungeon (4/15)             Temple (1/1) D:4

Altars:
Ashenzari
Dithmenos
Makhleb
Nemelex Xobeh
Trog
Uskayaw
Vehumet
Wu Jian
Xom
The Shining One

Shops:
D:3 *


Innate Abilities, Weirdness & Mutations

You have a pair of horns on your head.
You reflexively headbutt those who attack you in melee.


Message History

You blink.
You are too injured to fight recklessly!
Fire: a) +0 shortbow
Press: ? - help, Q - select action, (/) - cycle Shift-Dir - straight line, f/p - wight
Aim: a wight, wielding a +0 morningstar and wearing a +0 robe (64% to hit)
You shoot an arrow. The arrow closely misses the wight.
Fire: a) +0 shortbow
Press: ? - help, Q - select action, (/) - cycle Shift-Dir - straight line, f/p - wight
Aim: a wight, wielding a +0 morningstar and wearing a +0 robe (64% to hit)
You shoot an arrow.
The arrow hits the wight but does no damage.
Unknown command.
Fire: a) +0 shortbow
Press: ? - help, Q - select action, (/) - cycle Shift-Dir - straight line, f/p - wight
Aim: a wight, wielding a +0 morningstar and wearing a +0 robe (64% to hit)
You shoot an arrow.
The arrow hits the wight but does no damage.
Unknown command.
Fire: a) +0 shortbow
Press: ? - help, Q - select action, (/) - cycle Shift-Dir - straight line, f/p - wight
Aim: a wight, wielding a +0 morningstar and wearing a +0 robe (64% to hit)
You shoot an arrow. The arrow hits the wight.
The wight is lightly damaged.
Unknown command.
Sorry, you're not good enough to have a special ability.
Casting: Blink (dangerous; 61% risk of failure)
Confirm with . or Enter, or press ? or * to list all spells.
Okay, then.
Casting: Blink (dangerous; 61% risk of failure)
Confirm with . or Enter, or press ? or * to list all spells.
You are still too unstable to blink.
Fire: a) +0 shortbow
Press: ? - help, Q - select action, (/) - cycle Shift-Dir - straight line, f/p - wight
Aim: a wight, wielding a +0 morningstar and wearing a +0 robe (lightly damaged, 64% to hit)
You shoot an arrow. The arrow barely misses the wight.
You feel stable enough to blink again.
The wight hits you with a +0 morningstar!
* * * LOW HITPOINT WARNING * * *
The wight hits you with a +0 morningstar.
You die...

#'###.# #.. ###.###.#
### #.'.'.#.# #######
###.###.# #.....# +.+
### #.....# #.#
#.....# +.+ #.....#
#z# ## #.....# +@+ #.
######.### #.# #.
#........# +.+ #.
#(#.####.# #.# #.
#.#.#..... +.+
#.###.....##.#
#####..##...####.#
######.#.†)...####.#
#........##.#......# .
###
###.#####.###.########


You could see a wight.

Vanquished Creatures
  A necrophage (D:4)
  A scorpion (D:4)
  A hound (D:4)
  An iguana (D:3)
  Natasha (thrice) (D:2)
  3 gnolls (D:3)
  An adder (D:3)
  A dart slug (D:3)
  An orc (D:4)
  4 endoplasms
  2 giant cockroaches
  4 goblins
  6 jackals
  3 kobolds
  3 quokkas
  6 ball pythons
  A bat (D:2)
  3 frilled lizards
  6 rats
51 creatures vanquished.

Notes
Turn   | Place    | Note
-------+----------+-------------------------------------------
     0 | D:1      | safid the Minotaur Hunter began the quest for the Orb.
     0 | D:1      | Reached XP level 1. HP: 18/18 MP: 0/0
    85 | D:1      | You fall into a shaft and drop 1 floor!
   185 | D:1      | Reached XP level 2. HP: 25/25 MP: 1/1
   516 | D:1      | Found a faded altar of an unknown god.
   849 | D:2      | Noticed Natasha
   853 | D:2      | Killed Natasha
   854 | D:2      | Reached skill level 5 in Ranged Weapons
   854 | D:2      | Reached XP level 3. HP: 31/31 MP: 2/2
   874 | D:2      | Noticed Natasha
   877 | D:2      | Killed Natasha
   926 | D:2      | Reached XP level 4. HP: 38/38 MP: 3/3
   981 | D:2      | Noticed Natasha
   989 | D:2      | Killed Natasha
   990 | D:2      | Reached skill level 6 in Ranged Weapons
  1589 | D:3      | Reached XP level 5. HP: 45/45 MP: 4/4
  1667 | D:3      | Learned a level 2 spell: Blink
  1682 | D:3      | Reached skill level 7 in Ranged Weapons
  1728 | D:3      | Found Hatz's General Store.
  1736 | D:3      | Bought 3 scrolls of identify for 66 gold pieces
  1797 | D:4      | Found a staircase to the Ecumenical Temple.
  1803 | Temple   | Entered the Ecumenical Temple
  1949 | D:4      | Reached skill level 1 in Translocations
  1949 | D:4      | Reached XP level 6. HP: 51/51 MP: 5/5
  2096 | D:4      | HP: 1/44 [wight/+0 morningstar (11)]
  2096 | D:4      | Slain by a wight

Illustrated notes

Levels and vault maps discovered:
D:1:      lordsloth_arrival_two_stooges, layout_loops_ring,
          shapermc_ecumenical_altar_pompeii
D:2:      minmay_skewed_foursquare, layout_rooms, uniq_natasha
D:3:      layout_basic, serial_shops, shop
D:4:      layout_loops_cross, lemuel_mausoleum_altar_yredelemnul,
          minmay_temple_entry_hall, kennysheep_generic_room_14
Temple:   zaba_magenta_temple

Skill      XL: |  1  2  3  4  5 |
---------------+----------------+-----
Fighting       | 3 |  3.0
Ranged Weapons | 5 6 7 |  7.7
Translocations | 1 |  1.6
Dodging        | |  2.1
Stealth        | |  0.7

Action                   |  1- 3 |  4- 6 || total
-------------------------+-------+-------++-------
 Fire: Shortbow          |    58 |   111 ||   169
 Cast: Blink             |       |     1 ||     1
Armor: Ring mail         |     3 |    18 ||    21
Dodge: Dodged            |    19 |    30 ||    49
